AoeStats
← GaunerFahrrad47

Arena

504045424Analyzed
1v1 RM · 1mo ago on Sep 3, 2026· 57m 9s· 2 players
Game mode
Random Map
Map size
Tiny (2 player)
Population
200
Speed
Normal
Resources
Standard
Victory
Conquest
Starting age
Dark Age
Ending age
Imperial Age
RankedLock teamsTeams togetherTeam positionsShared explorationLock speedFull tech treeHidden civsTurbo modeCheats
Victory
Defeat
🇳🇮 Britons · Nicaragua
1258
+15
🇩🇪 Slavs · Germany
1234
-15
GaunerFahrrad47
10:48 Feudal Age
14:51 Castle Age
12:34 Horse Collar
13:17 Double-Bit Axe
19:29 Heavy Plow
20:00 Bow Saw
22:55 Wheelbarrow
22:20 Gold Mining
24:36 Hand Cart
25:41 Fletching
26:09 Loom
27:03 Squires
26:25 Pikeman
30:41 Imperial Age
28:37 Bodkin Arrow
28:53 Forging
28:44 Scale Mail Armor
28:59 Stone Mining
29:34 Scale Barding Armor
30:46 Iron Casting
30:49 Bloodlines
30:39 Husbandry
31:06 Capped Ram
32:21 Conscription
32:43 Chain Barding Armor
32:01 Siege Ram
32:16 Halberdier
33:43 Gold Shaft Mining
32:46 Cavalier
33:43 Detinets
34:38 Chain Mail Armor
36:01 Plate Barding Armor
36:26 Blast Furnace
35:07 Man-at-Arms
37:08 Light Cavalry
37:32 Long Swordsman
39:14 Plate Mail Armor
40:41 Druzhina
40:05 Two-Handed Swordsman
40:22 Hussar
47:27 Champion
50:06 Padded Archer Armor
49:59 Elite Skirmisher
52:06 Leather Archer Armor
54:35 Ballistics
55:35 Ring Archer Armor
Nabuco
10:32 Feudal Age
15:24 Castle Age
13:42 Double-Bit Axe
13:41 Horse Collar
17:19 Loom
18:31 Wheelbarrow
24:05 Heavy Plow
25:11 Bow Saw
28:15 Fletching
28:49 Ballistics
29:05 Bodkin Arrow
29:11 Padded Archer Armor
31:56 Imperial Age
29:31 Gold Mining
29:26 Pikeman
30:07 Squires
29:53 Gambesons
31:07 Scale Mail Armor
31:17 Forging
31:40 Leather Archer Armor
32:16 Hand Cart
32:57 Bracer
34:27 Chemistry
33:22 Halberdier
34:48 Yeomen
35:25 Chain Mail Armor
35:46 Iron Casting
38:17 Plate Mail Armor
38:47 Blast Furnace
39:50 Ring Archer Armor
39:08 Arson
39:15 Elite Longbowman
40:41 Siege Engineers
40:17 Treadmill Crane
40:47 Masonry
40:33 Murder Holes
41:44 Conscription
44:50 Scale Barding Armor
44:48 Man-at-Arms
46:53 Capped Ram
50:29 Long Swordsman
52:56 Chain Barding Armor
51:58 Two-Handed Swordsman
53:21 Champion
55:43 Town Watch
56:12 Clinker Construction
56:16 Fortified Wall
56:37 Architecture
Connection lost

Rejoining the realm…

Still unreachable

The connection could not be restored.

Session expired

The server has moved on; the page needs a fresh start.